[Event "Tuesday Night Engine Tour 9 rd Swiss 7m+2s Starts at 2200hrs ST"]
[Site "Infinity Chess"]
[Date "2018.4.24"]
[Round "6"]
[White "MarioDeMonti"]
[Black "TasicV"]
[Result "1/2-1/2"]
[ECO "C55"]
[WhiteElo "2495"]
[BlackElo "2478"]
[WhiteEngine "stockfish_x64_bmi2_2018_02_18_CTG"]
[BlackEngine "S_XPrO.020418.64.BMI2_CTG"]
[EventType "Swiss"]
[WhiteTeam ""]
[BlackTeam ""]
[PlyCount "106"]
[TimeControl "420+2"]

1. e4 e5 2. Nf3 Nc6 3. Bc4 Nf6 4. d3 Bc5 5. c3 d6 6. O-O a5 7. Re1 h6 
8. Nbd2 O-O 9. h3 Be6 10. a4 Bb6 11. Bxe6 fxe6 12. Nc4 Bc5 13. Be3 Bxe3 
14. Rxe3 Qd7 15. Rc1 Rf7 16. d4 exd4 17. cxd4 Nb4 18. b3 Na2 19. Rc2 Nb4 
20. Rd2 Qc6 21. Qe2 b5 22. axb5 Qxb5 23. Qd1 Qh5 24. Rb2 Rd8 25. Qa1 Ra8 
26. Qe1 Rff8 27. Qf1 Rad8 28. Rd2 Rb8 29. Qd1 Qb5 30. Nh4 a4 31. Na3 Qc6 
32. bxa4 Nxe4 33. Rb2 Nd5 34. Rxb8 Rxb8 35. Rxe4 Nc3 36. d5 Qc5 37. Qg4 Nxe4 
38. Qxe6+ Kh8 39. Qxe4 Qxa3 40. Ng6+ Kh7 41. Ne5+ Kg8 42. Nc6 Qc1+ 43. Kh2 Ra8 
44. f3 Kh8 45. a5 Qf1 46. Qf5 Qe2 47. Qg6 Rf8 48. Qe6 Qd2 49. a6 Qf4+ 
50. Kg1 Qc1+ 51. Kh2 Qf4+ 52. Kg1 Qc1+ 53. Kh2 Qf4+ 1/2-1/2

[Event "Tuesday Night Engine Tour 9 rd Swiss 7m+2s Starts at 2200hrs ST"]
[Site "Infinity Chess"]
[Date "2018.4.24"]
[Round "6"]
[White "star99"]
[Black "Thinker"]
[Result "1/2-1/2"]
[ECO "C50"]
[WhiteElo "2465"]
[BlackElo "2488"]
[WhiteEngine "Cryptic Heroes 9.4B"]
[BlackEngine "BrainFish_180418_x64_modern_CTG"]
[EventType "Swiss"]
[WhiteTeam ""]
[BlackTeam ""]
[PlyCount "128"]
[TimeControl "420+2"]

1. e4 e5 2. Nf3 Nc6 3. Bc4 Bc5 4. d3 Nf6 5. c3 d6 6. Bb3 a6 7. O-O O-O 
8. Re1 Ba7 9. h3 h6 10. Nbd2 Re8 11. Nf1 Be6 12. Bxe6 Rxe6 13. Qc2 d5 
14. Be3 Bxe3 15. Nxe3 Qd7 16. b4 b5 17. Rad1 Ne7 18. exd5 Nexd5 19. a3 Nxe3 
20. Rxe3 Qd6 21. c4 a5 22. cxb5 Nd5 23. Re4 axb4 24. axb4 Nxb4 25. Qb2 Nxd3 
26. Qb1 Ra3 27. Ne1 f5 28. Re3 e4 29. Nxd3 exd3 30. Rxe6 Qxe6 31. Rxd3 Rxd3 
32. Qxd3 Qe1+ 33. Kh2 Qe5+ 34. g3 Qc5 35. Kg1 Kf7 36. Qe2 Qd5 37. h4 Qe4 
38. Qa2+ Kg6 39. Qb2 Kh7 40. Qc1 Qd5 41. Qxc7 Qxb5 42. Kh2 Qd5 43. Qf4 Kg6 
44. Qe3 Kh7 45. Qe7 Qf3 46. Qc5 Qe4 47. Qc7 Qf3 48. Qc5 Qe4 49. Qf8 Qc2 
50. Kg2 Qb1 51. f3 Qa2+ 52. Kg1 Qb1+ 53. Kf2 Kg6 54. Qe8+ Kh7 55. f4 Qb2+ 
56. Kf3 Qc2 57. h5 Qc3+ 58. Kf2 Qd2+ 59. Kf3 Qd1+ 60. Kf2 Qc2+ 61. Kf1 Qd1+ 
62. Kf2 Qd2+ 63. Kf3 Qd3+ 64. Kf2 Qd2+ 1/2-1/2

[Event "Tuesday Night Engine Tour 9 rd Swiss 7m+2s Starts at 2200hrs ST"]
[Site "Infinity Chess"]
[Date "2018.4.24"]
[Round "6"]
[White "crossbones"]
[Black "stormbreaker990"]
[Result "1/2-1/2"]
[ECO "B23"]
[WhiteElo "2558"]
[BlackElo "2575"]
[WhiteEngine "Cryptic Heroes 9.4B"]
[BlackEngine "Cryptic Heroes 9.4B"]
[EventType "Swiss"]
[WhiteTeam ""]
[BlackTeam ""]
[PlyCount "82"]
[TimeControl "420+2"]

1. e4 c5 2. Nc3 d6 3. Nge2 Nf6 4. d4 cxd4 5. Nxd4 Nc6 6. Bg5 e6 7. f4 h6 
8. Bh4 Be7 9. Qd3 e5 10. Nxc6 bxc6 11. fxe5 dxe5 12. Qxd8+ Bxd8 13. Bc4 Ke7 
14. O-O-O Be6 15. Ba6 Bb6 16. Bb7 Rab8 17. Bxf6+ gxf6 18. Bxc6 Be3+ 19. Kb1 Bd4 
20. Nd5+ Bxd5 21. Bxd5 Rxb2+ 22. Kc1 Rb5 23. Kd2 f5 24. Rhf1 f4 25. Ke2 f5 
26. g3 Rc8 27. Bb3 Rc3 28. Rd3 fxe4 29. Rxc3 Bxc3 30. gxf4 Kf6 31. fxe5+ Kxe5 
32. Rf7 a5 33. a4 Rb6 34. Re7+ Kf4 35. Bd5 Rb4 36. Rf7+ Ke5 37. Bb3 Rb6 
38. Re7+ Kf4 39. Bd5 Rb4 40. Rf7+ Ke5 41. Bb3 Rb6 1/2-1/2

[Event "Tuesday Night Engine Tour 9 rd Swiss 7m+2s Starts at 2200hrs ST"]
[Site "Infinity Chess"]
[Date "2018.4.24"]
[Round "6"]
[White "Murx"]
[Black "juggernaut"]
[Result "1/2-1/2 "]
[ECO "A50"]
[WhiteElo "2561"]
[BlackElo "2565"]
[WhiteEngine "asmFishW_2018-04-07_popcnt"]
[BlackEngine "Cryptic Heroes 9.4B"]
[EventType "Swiss"]
[WhiteTeam ""]
[BlackTeam ""]
[PlyCount "181"]
[TimeControl "420+2"]

1. d4 Nf6 2. c4 c6 3. Nf3 d5 4. e3 Bf5 5. Nc3 e6 6. Nh4 Be4 7. f3 Bg6 8. Qb3 Qc7 
9. Bd2 Be7 10. Nxg6 hxg6 11. g3 O-O 12. Kf2 Rd8 13. Rc1 dxc4 14. Bxc4 c5 
15. d5 a6 16. a4 Nc6 17. dxc6 Rxd2+ 18. Ke1 Rd6 19. Qxb7 Qxc6 20. Qxc6 Rxc6 
21. h4 Nd7 22. f4 Nb6 23. Be2 Nd5 24. Kf2 Rb8 25. Nxd5 exd5 26. Rc2 Bf6 
27. Rd1 Rxb2 28. Rxb2 Bxb2 29. Rxd5 c4 30. Rd8+ Kh7 31. Bd1 Ba3 32. Ke2 Bb4 
33. Rd4 Bc3 34. Rd7 Bb4 35. Bc2 Rd6 36. Rxd6 Bxd6 37. h5 Kh6 38. hxg6 fxg6 
39. g4 g5 40. f5 a5 41. Kf3 Bc5 42. Ke4 Kh7 43. Bb1 Kg8 44. Ba2 Kf7 
45. Bxc4+ Kf6 46. Kf3 Bd6 47. Ke4 Bc5 48. Kf3 Bf8 49. Bd5 Bd6 50. Bb3 Ke5 
51. Bc4 Bf8 52. Be6 Bb4 53. Bb3 Kf6 54. Be6 Be7 55. Ba2 Bd6 56. Bd5 Ke5 
57. Be4 Kf6 58. Bc6 Bb4 59. Bb5 Be7 60. Ke4 Bc5 61. Kf3 Ke5 62. Ke2 Kd6 
63. Kf3 Ke7 64. Ba6 Bb6 65. Bb7 Bc5 66. Bc6 Bd6 67. Bb7 Kf6 68. Bd5 Be5 
69. Be6 Bh2 70. Ke2 Bb8 71. Bb3 Bd6 72. Be6 Be5 73. Bc8 Bd6 74. Be6 Bc7 
75. Kd3 Bh2 76. Bb3 Be5 77. Bd1 Bg3 78. Kd4 Bc7 79. Bc2 Bd6 80. Kc4 Ke5 
81. Bd3 Bb4 82. Bc2 Be1 83. Kd3 Bh4 84. Kd2 Kd5 85. Kd3 Bg3 86. Bb3+ Kc5 
87. Be6 Bh2 88. Bd7 Kd6 89. Bb5 Kc5 90. Ke4 Bg1 91. Kd3 1/2-1/2

[Event "Tuesday Night Engine Tour 9 rd Swiss 7m+2s Starts at 2200hrs ST"]
[Site "Infinity Chess"]
[Date "2018.4.24"]
[Round "6"]
[White "KRAKEN"]
[Black "Seliga"]
[Result "1/2-1/2"]
[ECO "D31"]
[WhiteElo "2565"]
[BlackElo "2512"]
[WhiteEngine "Raubfisch ME262_GTZ17b2_CTG"]
[BlackEngine "SF9 ''A23''_CTG"]
[EventType "Swiss"]
[WhiteTeam ""]
[BlackTeam ""]
[PlyCount "151"]
[TimeControl "420+2"]

1. d4 d5 2. c4 e6 3. Nc3 c6 4. e3 Nd7 5. Bd3 dxc4 6. Bxc4 b5 7. Bd3 a6 
8. Nf3 Ngf6 9. e4 c5 10. d5 c4 11. Bc2 e5 12. Be3 Bd6 13. O-O O-O 14. h3 Rb8 
15. Ne2 a5 16. Ng3 Re8 17. Qe2 Ba6 18. Rfc1 a4 19. Qd2 Rc8 20. Rcb1 Bc5 
21. Bxc5 Nxc5 22. Qe1 Nb7 23. Bd1 Nc5 24. b3 c3 25. b4 Ncxe4 26. Nxe4 c2 
27. Nxf6+ Qxf6 28. Bxc2 Rxc2 29. Rc1 Rcc8 30. Rc5 e4 31. Rac1 Rxc5 32. Rxc5 Kf8 
33. Nh2 Qb2 34. Qe3 Qxa2 35. Nf1 h6 36. Qd4 Bb7 37. d6 e3 38. Nxe3 Qb1+ 
39. Kh2 Qe4 40. Qxe4 Bxe4 41. f3 Bd3 42. Rd5 Bb1 43. d7 Rd8 44. Rxb5 a3 
45. Ra5 a2 46. Nd5 Kg8 47. Nc3 Rxd7 48. Nxa2 Rb7 49. Nc3 Rxb4 50. Nxb1 Rxb1 
51. g4 g5 52. Kg3 Rg1+ 53. Kf2 Rb1 54. Ra7 Rb2+ 55. Kg3 Rb3 56. Rd7 Kf8 
57. Rc7 Kg7 58. Rc6 Rb4 59. Rc5 f6 60. Rf5 Kg6 61. Rd5 h5 62. gxh5+ Kxh5 
63. Rc5 Rf4 64. Ra5 Rb4 65. Ra8 Kg6 66. Ra6 Rb3 67. Kg4 Rc3 68. Ra8 f5+ 
69. Kg3 Kf6 70. Ra6+ Ke5 71. Ra1 Rc5 72. h4 gxh4+ 73. Kxh4 Kf4 74. Ra6 Rc4 
75. Ra3 Rb4 76. Rc3 1/2-1/2

[Event "Tuesday Night Engine Tour 9 rd Swiss 7m+2s Starts at 2200hrs ST"]
[Site "Infinity Chess"]
[Date "2018.4.24"]
[Round "6"]
[White "Susanne"]
[Black "Deep_Impact"]
[Result "1/2-1/2"]
[ECO "C53"]
[WhiteElo "2621"]
[BlackElo "2523"]
[WhiteEngine "asmFishW_IX_bmi2_CTG"]
[BlackEngine "BrainFish_180411_x64_bmi2"]
[EventType "Swiss"]
[WhiteTeam ""]
[BlackTeam ""]
[PlyCount "141"]
[TimeControl "420+2"]

1. e4 e5 2. Nf3 Nc6 3. Bc4 Bc5 4. c3 Nf6 5. d3 d6 6. O-O a5 7. Nbd2 O-O 
8. Re1 h6 9. h3 Be6 10. Bb5 Qb8 11. Nf1 Qa7 12. Be3 Bxe3 13. Nxe3 Ne7 14. a4 Ng6 
15. Bc4 Bxc4 16. Nxc4 Qa6 17. g3 Rfe8 18. Ne3 Qc6 19. Qb3 b6 20. Qc4 Qxc4 
21. Nxc4 Nf8 22. Red1 g6 23. Ne1 h5 24. h4 d5 25. exd5 Nxd5 26. Nf3 Nd7 
27. Kg2 N5f6 28. Re1 e4 29. dxe4 Nxe4 30. Nd4 Nec5 31. Rxe8+ Rxe8 32. Nb5 Re4 
33. Nd4 Nd3 34. Rd1 N7c5 35. b3 Kg7 36. f3 Re8 37. f4 Ne1+ 38. Kf1 Ned3 
39. Kg2 Kf8 40. Kf1 Re7 41. Nc6 Re6 42. Nd4 Re4 43. Kg1 Ke7 44. Kf1 Kf6 
45. Kg1 Re7 46. Kg2 Kg7 47. Kf1 Kf6 48. Nc2 Rd7 49. Nd4 Kg7 50. Ke2 Re7+ 
51. Kf1 f6 52. Kg2 Ne1+ 53. Kf1 Ned3 54. Kg2 Kf8 55. Kf1 Re4 56. Kg2 Re7 
57. Kf1 Kf7 58. Kg2 Re1 59. Rxe1 Nxe1+ 60. Kf2 Ned3+ 61. Ke3 Nc1 62. Nd2 f5 
63. Kf2 Ke7 64. Ke1 N1d3+ 65. Ke2 Kd6 66. Nc4+ Kd5 67. Nd2 Nc1+ 68. Kd1 N1d3 
69. Ke2 Nc1+ 70. Kd1 N1d3 71. Ke2 1/2-1/2

[Event "Tuesday Night Engine Tour 9 rd Swiss 7m+2s Starts at 2200hrs ST"]
[Site "Infinity Chess"]
[Date "2018.4.24"]
[Round "5"]
[White "OlivierEvan"]
[Black "TasicV"]
[Result "0-1"]
[ECO "A00"]
[WhiteElo "2420"]
[BlackElo "2464"]
[WhiteEngine "Houdini 6"]
[BlackEngine "S_XPrO.020418.64.BMI2_CTG"]
[EventType "Swiss"]
[WhiteTeam ""]
[BlackTeam ""]
[PlyCount "182"]
[TimeControl "420+2"]

1. e3 e5 2. b4 Bxb4 3. c3 Ba5 4. d4 exd4 5. Qxd4 Qf6 6. Nf3 Nc6 7. Qxf6 Nxf6 
8. Bb2 Ne4 9. Bd3 Nc5 10. Bc2 d6 11. O-O O-O 12. Nbd2 h6 13. Nb3 Bb6 
14. Rfd1 Na4 15. Rab1 Nxb2 16. Rxb2 Bd7 17. Nbd4 Ne7 18. Ne2 Rad8 19. h3 Rfe8 
20. c4 Bc8 21. Ba4 c6 22. Bb3 Kf8 23. Rbd2 Bc7 24. Nfd4 Ng8 25. Ba4 g6 
26. Rc1 Kg7 27. Bc2 Nf6 28. Rdd1 Nd7 29. Bd3 Ne5 30. Nc3 Nxd3 31. Rxd3 Re5 
32. Nb3 h5 33. Ne2 g5 34. Ned4 Kg6 35. Nf3 Re7 36. Nbd4 h4 37. Ne2 f6 
38. Nfd4 Ree8 39. Rdd1 Re5 40. Rc2 a6 41. Nc3 Rc5 42. Na4 Ra5 43. Nc3 Rc5 
44. Na4 Ra5 45. Nc3 Ra3 46. Nb3 Be6 47. Nd2 Bf7 48. Rdc1 f5 49. Ndb1 Ra5 
50. Nd2 Rd7 51. Rd1 Re5 52. Ne2 Kf6 53. Rb1 f4 54. Rxb7 fxe3 55. fxe3 Rxe3 
56. Nc3 d5 57. Rxc7 Rxc7 58. cxd5 Kg6 59. Kf2 Re8 60. d6 Rd7 61. Nde4 Bd5 
62. Re2 Re5 63. Re3 Bxe4 64. Nxe4 Kf5 65. Kf3 Rf7 66. Re2 c5 67. Re3 c4 
68. a4 Re6 69. g3 hxg3 70. Nxg3+ Kg6+ 71. Ke2 Rxd6 72. Re5 Rff6 73. Ne4 Rfe6 
74. Rxg5+ Kh6 75. Rc5 Rxe4+ 76. Kf3 Rde6 77. Kg2 Rf4 78. Kg3 Ref6 79. Rc8 Rf3+ 
80. Kg2 c3 81. Rc5 R6f5 82. Rc6+ Kg5 83. Rc7 Rf2+ 84. Kg1 c2 85. Rc8 Kh4 
86. Rh8+ Kg3 87. Rg8+ Kf3 88. Kh1 c1=Q+ 89. Rg1 Qxg1+ 90. Kxg1 Re5 91. h4 Re1# 
0-1

[Event "Tuesday Night Engine Tour 9 rd Swiss 7m+2s Starts at 2200hrs ST"]
[Site "Infinity Chess"]
[Date "2018.4.24"]
[Round "5"]
[White "quicksilver"]
[Black "SkyPilot"]
[Result "1/2-1/2"]
[ECO "C65"]
[WhiteElo "2396"]
[BlackElo "2503"]
[WhiteEngine "Cryptic Heroes 9.4B"]
[BlackEngine "stockfish_x64_bmi2_2018_04_07_CTG"]
[EventType "Swiss"]
[WhiteTeam ""]
[BlackTeam ""]
[PlyCount "111"]
[TimeControl "420+2"]

1. e4 e5 2. Nf3 Nc6 3. Bb5 Nf6 4. O-O Nxe4 5. d4 Nd6 6. Bxc6 dxc6 7. dxe5 Nf5 
8. Qxd8+ Kxd8 9. Nc3 Ke8 10. h3 Be7 11. Rd1 h6 12. b3 Be6 13. g4 Nh4 
14. Nxh4 Bxh4 15. Ne2 Rd8 16. Be3 g6 17. c4 a6 18. Kg2 Kf8 19. Rxd8+ Bxd8 
20. Rd1 Kg7 21. Bd4 Be7 22. Bc3 Bc8 23. Kg3 h5 24. f4 Re8 25. Kf3 b5 
26. Ng3 bxc4 27. bxc4 Rd8 28. Rxd8 Bxd8 29. gxh5 Be6 30. a4 Bh4 31. hxg6 Kxg6 
32. Ba5 Bxh3 33. Bxc7 Bxg3 34. Kxg3 Be6 35. Kf3 Kf5 36. a5 Bxc4 37. Bd6 Bd5+ 
38. Ke3 Bb3 39. Kd3 c5 40. Ke3 c4 41. Kd4 c3 42. Kxc3 Be6 43. Kd4 Kxf4 
44. Bb4 Kf3 45. Bd2 Bf5 46. Bb4 Kf4 47. Bd2+ Kf3 48. Bc3 Kg4 49. Kc5 Be4 
50. Bd2 Kf5 51. Kd6 Bc2 52. Bc3 Be4 53. Bd2 Bh1 54. Ke7 Kxe5 55. Bc3+ Ke4 
56. Kxf7 1/2-1/2

[Event "Tuesday Night Engine Tour 9 rd Swiss 7m+2s Starts at 2200hrs ST"]
[Site "Infinity Chess"]
[Date "2018.4.24"]
[Round "5"]
[White "firestar"]
[Black "Victorious"]
[Result "1/2-1/2"]
[ECO "D02"]
[WhiteElo "2467"]
[BlackElo "2499"]
[WhiteEngine "Cryptic Heroes 9.4B"]
[BlackEngine "CFish_210418_x64_N_pop_LTO_730mingw"]
[EventType "Swiss"]
[WhiteTeam ""]
[BlackTeam ""]
[PlyCount "172"]
[TimeControl "420+2"]

1. d4 d5 2. Nf3 Nf6 3. c4 c6 4. e3 e6 5. b3 Bd6 6. Bd3 Nbd7 7. Bb2 b6 
8. Nbd2 O-O 9. O-O Bb7 10. Re1 c5 11. e4 dxe4 12. Nxe4 Nxe4 13. Bxe4 Bxe4 
14. Rxe4 Be7 15. Re2 cxd4 16. Qxd4 Bf6 17. Qe3 Bxb2 18. Rxb2 Qf6 19. Nd4 Ne5 
20. Rd2 Rad8 21. Rad1 Rd7 22. Nf3 Rxd2 23. Rxd2 Nc6 24. Kf1 Rd8 25. Qe4 Rxd2 
26. Nxd2 Nd8 27. Nf3 Qe7 28. g3 Qd6 29. Qd4 Qc7 30. Qe4 Qd6 31. Qd4 Qc7 
32. Qe5 Qd7 33. Nd4 h6 34. Ke2 Nc6 35. Nxc6 Qxc6 36. h4 Qh1 37. Kd2 Qb7 
38. Qc3 f5 39. Qd3 Qe7 40. Ke2 Qa3 41. Qd2 Kf7 42. Kf1 h5 43. b4 g6 44. Qd7+ Kf6 
45. Qd4+ Kf7 46. c5 bxc5 47. bxc5 Qxa2 48. Qd7+ Kf8 49. c6 Qb1+ 50. Ke2 Qe4+ 
51. Kd1 Qb1+ 52. Ke2 Qe4+ 53. Kd1 Qf3+ 54. Kc1 Qc3+ 55. Kd1 Qb3+ 56. Ke2 Qc4+ 
57. Kd2 Qb4+ 58. Kd1 Qa4+ 59. Kc1 Qa3+ 60. Kc2 Qa4+ 61. Kb1 Qb5+ 62. Ka1 Qa6+ 
63. Kb1 Qb5+ 64. Ka1 Qc5 65. Qxe6 Qa3+ 66. Kb1 Qe7 67. Qxg6 Qe4+ 68. Ka1 Qe5+ 
69. Kb1 Qe1+ 70. Ka2 Qxf2+ 71. Kb1 Qf1+ 72. Ka2 Qe2+ 73. Ka1 Qd1+ 74. Ka2 Qa4+ 
75. Kb1 Qd1+ 76. Ka2 Qc2+ 77. Ka1 Qc3+ 78. Kb1 Qb3+ 79. Ka1 Qa3+ 80. Kb1 Qd3+ 
81. Ka1 Qd4+ 82. Kb1 Qe4+ 83. Ka1 Qe5+ 84. Kb1 Qe4+ 85. Ka1 Qd4+ 86. Kb1 Qe4+ 
1/2-1/2

[Event "Tuesday Night Engine Tour 9 rd Swiss 7m+2s Starts at 2200hrs ST"]
[Site "Infinity Chess"]
[Date "2018.4.24"]
[Round "5"]
[White "draxlord"]
[Black "blindfoldchess"]
[Result "1/2-1/2"]
[ECO "D15"]
[WhiteElo "2508"]
[BlackElo "2482"]
[WhiteEngine "Cryptic Heroes 9.4B"]
[BlackEngine "Cryptic Heroes 9.4B"]
[EventType "Swiss"]
[WhiteTeam ""]
[BlackTeam ""]
[PlyCount "161"]
[TimeControl "420+2"]

1. d4 d5 2. c4 c6 3. Nf3 Nf6 4. Nc3 e6 5. e3 Nbd7 6. h3 a6 7. c5 e5 8. b4 e4 
9. Nd2 g6 10. Qa4 Nb8 11. Qa5 Qe7 12. b5 Bg7 13. Na4 Be6 14. Nb6 Ra7 15. Nb3 O-O 
16. a4 Nfd7 17. Rb1 Qg5 18. Ba3 Bf6 19. Nc1 Bd8 20. bxc6 Nxc6 21. Qd2 Bc7 
22. g3 h5 23. Ne2 Qd8 24. a5 h4 25. Kd1 Nf6 26. g4 Ne8 27. Nf4 Ng7 28. Nxe6 Nxe6 
29. Qa2 Ne7 30. Bb4 Bxb6 31. axb6 Ra8 32. Be2 Ng5 33. Kc1 Nc6 34. Be1 Kg7 
35. Kb2 Qd7 36. Ra1 Rac8 37. Qb3 Qe6 38. Ra3 Nd8 39. Kb1 Nc6 40. Qa2 Rfd8 
41. Qc2 Re8 42. Bc3 Qf6 43. Bd1 Nb8 44. Qa2 Red8 45. Qe2 Nd7 46. Qa2 Kg8 
47. Qb2 Nb8 48. Qe2 Nd7 49. Kb2 Qe7 50. Qd2 Kg7 51. Rb3 Qf6 52. Qe2 Qc6 
53. Qf1 Kg8 54. Ka2 Qe6 55. Qg2 Rc6 56. Ra3 Rcc8 57. Rb3 Qe8 58. Qh2 Qe7 
59. Be2 Rc6 60. Rc1 Rdc8 61. Qh1 Qe6 62. Kb2 Qf6 63. Qf1 Kg7 64. Qg2 Qe7 
65. Kb1 Rf6 66. Bd1 Nb8 67. Rb2 Nc6 68. Ra2 Qd7 69. Ka1 Rf8 70. Ba4 Rf3 
71. Rh1 Rf6 72. Rg1 Nf3 73. Rc1 Qc8 74. Kb2 Ne7 75. Rh1 Rd8 76. Qf1 Nc6 
77. Qg2 Qd7 78. Kb1 Qe6 79. Bb3 Rf8 80. Ka1 Rc8 81. Rc2 1/2-1/2

[Event "Tuesday Night Engine Tour 9 rd Swiss 7m+2s Starts at 2200hrs ST"]
[Site "Infinity Chess"]
[Date "2018.4.24"]
[Round "5"]
[White "stormbreaker990"]
[Black "ironchess"]
[Result "1-0"]
[ECO "C43"]
[WhiteElo "2493"]
[BlackElo "2506"]
[WhiteEngine "Cryptic Heroes 9.4B"]
[BlackEngine "Cryptic Heroes 9.4B"]
[EventType "Swiss"]
[WhiteTeam ""]
[BlackTeam ""]
[PlyCount "171"]
[TimeControl "420+2"]

1. e4 e5 2. Nf3 Nf6 3. d4 Nxe4 4. Bd3 d5 5. Nxe5 Nd7 6. Nxd7 Bxd7 7. O-O Be7 
8. c4 Nf6 9. c5 O-O 10. Qc2 c6 11. Nd2 Re8 12. Nf3 g6 13. Ne5 Qc8 14. Re1 Bf8 
15. a4 Bg7 16. a5 a6 17. h3 Nh5 18. Qd1 Bf8 19. g4 Ng7 20. f4 Qc7 21. Kg2 Be6 
22. f5 gxf5 23. g5 Be7 24. Kh1 f6 25. gxf6 Bxf6 26. Bf4 Bf7 27. Qd2 Bh5 
28. Re3 Qd8 29. Rg1 Kh8 30. Reg3 Qe7 31. Rxg7 Bxg7 32. Rg5 Bf7 33. Qe1 Be6 
34. Qh4 Qf6 35. Ng4 Qd8 36. Be5 Bxe5 37. Nxe5 Rg8 38. Bxf5 Rg7 39. Bxe6 Qf6 
40. Bf5 Rag8 41. Nf3 Re8 42. Qh5 Re1+ 43. Nxe1 Qxg5 44. Qxg5 Rxg5 45. Bc8 Rg7 
46. Nf3 h5 47. Ne5 h4 48. Bg4 Kh7 49. Nf3 Re7 50. Nxh4 Re1+ 51. Kg2 Kg7 
52. Bc8 Rb1 53. Kg3 Rxb2 54. Kf4 Kf6 55. Nf3 Rb1 56. h4 Rb2 57. h5 Rb4 
58. Kg4 Rb5 59. Ne5 Rb1 60. h6 Rg1+ 61. Kf3 Rb1 62. Kg3 Rg1+ 63. Kh2 Rf1 
64. Kg2 Rf4 65. Kg3 Rf1 66. Bxb7 Rg1+ 67. Kf2 Ra1 68. Nxc6 Rh1 69. Bxa6 Kg5 
70. Bb7 Rh2+ 71. Kg3 Rxh6 72. a6 Rh7 73. Ne5 Kf5 74. a7 Rg7+ 75. Kf2 Rg8 
76. Bxd5 Rc8 77. c6 Kf4 78. Bf3 Rd8 79. c7 Rxd4 80. c8=Q Rd2+ 81. Be2 Kxe5 
82. a8=Q Rd1 83. Bxd1 Kd6 84. Qf3 Ke5 85. Qc5+ Ke6 86. Qff5# 1-0

[Event "Tuesday Night Engine Tour 9 rd Swiss 7m+2s Starts at 2200hrs ST"]
[Site "Infinity Chess"]
[Date "2018.4.24"]
[Round "5"]
[White "Dovahkiin"]
[Black "mcstar"]
[Result "1/2-1/2"]
[ECO "C55"]
[WhiteElo "2461"]
[BlackElo "2503"]
[WhiteEngine "BrainFish_180423_x64_modern_CTG"]
[BlackEngine "Cryptic Heroes 9.4B"]
[EventType "Swiss"]
[WhiteTeam ""]
[BlackTeam ""]
[PlyCount "78"]
[TimeControl "420+2"]

1. e4 e5 2. Nf3 Nc6 3. Bc4 Nf6 4. d3 Be7 5. O-O d6 6. c3 O-O 7. a4 h6 8. Re1 a6 
9. a5 Be6 10. Bxe6 fxe6 11. Nbd2 Qd7 12. Nf1 Nh5 13. b4 Rf7 14. Qb3 g5 
15. h3 Nf4 16. Bxf4 gxf4 17. b5 axb5 18. Qxb5 Bf6 19. Qxb7 Rff8 20. Qb2 Rfb8 
21. Qe2 Rxa5 22. Rxa5 Nxa5 23. Qa2 Nc6 24. N1d2 Nd8 25. d4 Qc6 26. Qc2 Kg7 
27. Qd3 Ra8 28. Kh2 Ra2 29. Rg1 Qa6 30. Qb1 Kf8 31. g3 exd4 32. cxd4 Bxd4 
33. Qb8 Bf6 34. Qxc7 Qd3 35. e5 dxe5 36. Qc5+ Kf7 37. Qc7+ Kf8 38. Qc5+ Kf7 
39. Qc7+ Kf8 1/2-1/2

[Event "Tuesday Night Engine Tour 9 rd Swiss 7m+2s Starts at 2200hrs ST"]
[Site "Infinity Chess"]
[Date "2018.4.24"]
[Round "5"]
[White "MarioDeMonti"]
[Black "star99"]
[Result "1/2-1/2"]
[ECO "B32"]
[WhiteElo "2496"]
[BlackElo "2464"]
[WhiteEngine "stockfish_x64_bmi2_2018_02_18_CTG"]
[BlackEngine "Cryptic Heroes 9.4B"]
[EventType "Swiss"]
[WhiteTeam ""]
[BlackTeam ""]
[PlyCount "134"]
[TimeControl "420+2"]

1. e4 c5 2. Nf3 Nc6 3. d4 cxd4 4. Nxd4 e5 5. Nb5 d6 6. N1c3 a6 7. Na3 b5 
8. Nd5 Nf6 9. Bg5 Be7 10. Bxf6 Bxf6 11. c3 O-O 12. Nc2 Be6 13. a4 bxa4 
14. Rxa4 a5 15. Bc4 Bg5 16. O-O Ne7 17. Nxe7+ Qxe7 18. Bxe6 Qxe6 19. Na3 Rfc8 
20. c4 Bd8 21. b3 Bb6 22. Nb5 Bc5 23. Qc2 Qd7 24. Rfa1 Bb4 25. Nc3 Qd8 
26. g3 Rcb8 27. Kg2 h6 28. Nd5 Bc5 29. Rd1 Bd4 30. f4 Rb7 31. Rd3 Bc5 32. f5 Qg5 
33. Ra2 Kh7 34. Nc3 Rb4 35. Nd5 Rb7 36. Nc3 Rb4 37. Rf3 Qh5 38. Nd5 Rb7 
39. Nc3 Rb4 40. Nb5 f6 41. Nc7 Ra7 42. Nb5 Ra6 43. Nc7 Ra7 44. Ne6 Bd4 
45. Rd3 Rab7 46. Qd1 Qxd1 47. Rxd1 Rxb3 48. Rxa5 Rb2+ 49. Kh3 h5 50. Nxd4 exd4 
51. Rb5 R7xb5 52. cxb5 Rxb5 53. Rxd4 Rb2 54. g4 hxg4+ 55. Kxg4 Rxh2 56. Rxd6 Ra2 
57. Kf3 Ra3+ 58. Ke2 Ra4 59. Ke3 Ra1 60. Rb6 Ra3+ 61. Kd4 Ra8 62. Rb5 Rd8+ 
63. Ke3 Ra8 64. e5 fxe5 65. Rxe5 Ra4 66. Re4 Ra1 67. Re6 Ra3+ 1/2-1/2

[Event "Tuesday Night Engine Tour 9 rd Swiss 7m+2s Starts at 2200hrs ST"]
[Site "Infinity Chess"]
[Date "2018.4.24"]
[Round "5"]
[White "Thinker"]
[Black "crossbones"]
[Result "1/2-1/2"]
[ECO "C55"]
[WhiteElo "2484"]
[BlackElo "2583"]
[WhiteEngine "BrainFish_180418_x64_modern_CTG"]
[BlackEngine "Cryptic Heroes 9.4B"]
[EventType "Swiss"]
[WhiteTeam ""]
[BlackTeam ""]
[PlyCount "79"]
[TimeControl "420+2"]

1. e4 e5 2. Nf3 Nc6 3. Bc4 Nf6 4. d3 Bc5 5. c3 d6 6. O-O O-O 7. h3 h6 8. Re1 a5 
9. Nbd2 Be6 10. b3 Nh5 11. Nf1 Qf6 12. N1h2 Bb6 13. Rb1 Rad8 14. Ng4 Bxg4 
15. hxg4 Nf4 16. Rb2 Qg6 17. Nh4 Qf6 18. Nf5 g6 19. Ne3 Bxe3 20. Bxe3 Rfe8 
21. Qf3 Kg7 22. Rd2 Rh8 23. d4 g5 24. g3 h5 25. gxh5 Rxh5 26. Bxf4 Rdh8 
27. Bxe5 Rh1+ 28. Qxh1 Rxh1+ 29. Kxh1 dxe5 30. Re3 exd4 31. cxd4 Nxd4 32. Kg2 b5 
33. Bd5 c5 34. Rd1 g4 35. Rc1 Qd6 36. Rh1 Nc2 37. Re2 Nd4 38. Re3 Nc2 
39. Re2 Nd4 40. Re3 1/2-1/2

[Event "Tuesday Night Engine Tour 9 rd Swiss 7m+2s Starts at 2200hrs ST"]
[Site "Infinity Chess"]
[Date "2018.4.24"]
[Round "5"]
[White "Seliga"]
[Black "juggernaut"]
[Result "1/2-1/2"]
[ECO "A05"]
[WhiteElo "2509"]
[BlackElo "2580"]
[WhiteEngine "SF9 ''A23''_CTG"]
[BlackEngine "Cryptic Heroes 9.4B"]
[EventType "Swiss"]
[WhiteTeam ""]
[BlackTeam ""]
[PlyCount "119"]
[TimeControl "420+2"]

1. Nf3 Nf6 2. d4 e6 3. c4 d5 4. e3 Be7 5. cxd5 exd5 6. Bd3 O-O 7. Nc3 c5 
8. dxc5 Nbd7 9. b3 Nxc5 10. O-O Nfe4 11. Bb2 Bf5 12. Be2 Nxc3 13. Bxc3 Ne4 
14. Bb2 Rc8 15. Nd4 Bd7 16. Rc1 Rxc1 17. Qxc1 Qa5 18. Qa1 Rc8 19. h3 Bf6 
20. Bd3 Nc5 21. Rd1 Bxd4 22. Bxd4 Nxd3 23. Rxd3 f6 24. Rc3 Rxc3 25. Bxc3 Qc7 
26. Qd1 Be6 27. Bd4 b6 28. a4 h6 29. Qb1 Bd7 30. Bb2 Be6 31. Bd4 Bd7 32. Qd1 Be6 
33. Kh1 Qc6 34. Qd2 Qc7 35. f3 Kf7 36. Qd3 Qg3 37. Qd1 h5 38. b4 Qc7 39. Qd3 Qe7 
40. Qc3 Qd7 41. a5 Bxh3 42. axb6 axb6 43. Bxb6 Qb5 44. gxh3 Qxb6 45. Kg2 g5 
46. f4 Qa6 47. fxg5 Qe2+ 48. Kg3 fxg5 49. Qc7+ Ke6 50. Qc8+ Ke5 51. Qc7+ Ke4 
52. Qe7+ Kd3 53. Qxg5 Qe1+ 54. Kg2 Qe2+ 55. Kg3 Qe1+ 56. Kg2 Qd2+ 57. Kf1 Qe2+ 
58. Kg1 Qd1+ 59. Kf2 Qe2+ 60. Kg3 1/2-1/2

[Event "Tuesday Night Engine Tour 9 rd Swiss 7m+2s Starts at 2200hrs ST"]
[Site "Infinity Chess"]
[Date "2018.4.24"]
[Round "5"]
[White "Deep_Impact"]
[Black "KRAKEN"]
[Result "1/2-1/2"]
[ECO "C55"]
[WhiteElo "2521"]
[BlackElo "2567"]
[WhiteEngine "BrainFish_180411_x64_bmi2"]
[BlackEngine "Raubfisch ME262_GTZ17b2_CTG"]
[EventType "Swiss"]
[WhiteTeam ""]
[BlackTeam ""]
[PlyCount "132"]
[TimeControl "420+2"]

1. e4 e5 2. Nf3 Nc6 3. Bc4 Nf6 4. d3 Bc5 5. c3 d6 6. O-O O-O 7. Re1 Ng4 
8. Re2 Nf6 9. h3 a6 10. a4 Ba7 11. Re1 h6 12. Nbd2 Nh5 13. Nf1 Be6 14. Bxe6 fxe6 
15. b4 Nf4 16. Bxf4 Rxf4 17. b5 Ne7 18. N1h2 Qd7 19. Qb3 Rff8 20. Reb1 Rf7 
21. Ra2 Ng6 22. g3 Raf8 23. Kg2 Rf6 24. Qd1 a5 25. Rbb2 Qf7 26. Rd2 Bb6 
27. h4 Kh7 28. d4 exd4 29. cxd4 e5 30. dxe5 Nxe5 31. Nxe5 dxe5 32. Ng4 Rd6 
33. Rxd6 Qxa2 34. Rd2 Qe6 35. Nh2 Qc4 36. Qc2 Qf7 37. Qa2 Qg6 38. Qc2 Qf7 
39. Qa2 Qg6 40. Qd5 c6 41. Qxe5 Re8 42. Qb2 Qxe4+ 43. f3 Qb4 44. Qc2+ Kh8 
45. bxc6 bxc6 46. Ng4 Bd4 47. Nf2 c5 48. Nd3 Qa3 49. Nf4 Re1 50. Re2 Rxe2+ 
51. Nxe2 Qe3 52. Nxd4 Qxd4 53. Qf5 c4 54. Qf8+ Kh7 55. Qf5+ Kg8 56. Qc8+ Kf7 
57. Qf5+ Kg8 58. Qc8+ Kf7 59. Qb7+ Ke6 60. Qc6+ Ke7 61. Qc7+ Ke6 62. Qc6+ Ke5 
63. Qe8+ Kf6 64. Qc6+ Ke5 65. Qc7+ Kf6 66. Qc6+ Ke5 1/2-1/2